 Dungeon Crawl Stone Soup version 0.28.0-43-g3370ac3207 (webtiles) character file.

Game seed: 6957902048881361861

36 crimpus the Covered (level 3, 0/31 HPs)
             Began as a Demigod Fighter on Mar 6, 2022.
             Killed from afar by Ijyb (1 damage)
             ... with a puff of flame
             ... on level 4 of the Dungeon.
             The game lasted 00:03:20 (1409 turns).

crimpus the Covered (Demigod Fighter)               Turns: 1409, Time: 00:03:21

Health: 0/31       AC: 10    Str: 21    XL:     3   Next: 5%
Magic:  5/5        EV:  9    Int: 10    God:
Gold:   62         SH:  4    Dex: 13    Spells: 2/2 levels left

rFire   . . .      SeeInvis .   a - +0 war axe
rCold   . . .      Faith    .   c - +0 buckler
rNeg    . . .      Spirit   .   b - +0 scale mail
rPois   .          Reflect  .   (no helmet)
rElec   .          Harm     .   (no cloak)
rCorr   .          Rampage  .   (no gloves)
Will    .....                   (no boots)
Stlth   ..........              (no amulet)
HPRegen 0.10/turn               e - +4 ring of protection
MPRegen 0.09/turn               (no ring)

@: mighty
A: high MP 1, forlorn, divine attributes
a: no special abilities


You were on level 4 of the Dungeon.
You visited 1 branch of the dungeon, and saw 4 of its levels.

You collected 62 gold pieces.

Inventory:

Hand Weapons
 a - a +0 war axe (weapon)
Armour
 b - a +0 scale mail (worn)
 c - a +0 buckler (worn)
Jewellery
 e - a +4 ring of protection (left hand)
Scrolls
 g - 2 scrolls of identify {unknown}
 i - a scroll of holy word {unknown}
 l - a scroll of fog {unknown}
Potions
 f - 2 potions of haste {unknown}
 h - a potion of ambrosia {unknown}
 j - a potion of resistance {unknown}
 k - a potion of lignification {unknown}


   Skills:
 + Level 3.0 Fighting
 + Level 2.3 Axes
 + Level 3.1 Armour
 + Level 2.9 Shields


You had 2 spell levels left.
You didn't know any spells.
Your spell library was empty.

Dungeon Overview and Level Annotations

Branches:
Dungeon (3/15)

Shops:
D:1 [

Annotations:
D:4 Ijyb


Innate Abilities, Weirdness & Mutations

You have an increased reservoir of magic. (+10% MP)
You shall have no god before yourself.
Your divine heritage dramatically boosts your attributes as you level up.


Message History

You hit the hound skeleton.
The hound skeleton is lightly damaged.
An iguana comes into view.
The hound skeleton bites you but does no damage. x2
You slash the hound skeleton!
The hound skeleton is severely damaged.
You barely miss Ijyb. You block the hound skeleton's attack.
Ijyb zaps a wand.
The puff of flame hits you! You block the hobgoblin's attack.
You barely miss the hound skeleton.
The hound skeleton is severely damaged.
You slash the hobgoblin!
You kill the hobgoblin!
You closely miss Ijyb. The hound skeleton bites you.
Ijyb zaps a wand.
The puff of flame hits you! The hound skeleton barely misses you.
Ijyb hits you but does no damage.
You feel very mighty all of a sudden. The hound skeleton bites you.
An orc priest comes into view.
It is wielding a +2 hand axe of flaming.
Ijyb hits you but does no damage.
The hound skeleton bites you but does no damage.
You barely miss Ijyb. You barely miss the hound skeleton.
The orc priest shouts!
You hear a shout! x3
The hound skeleton bites you but does no damage.
You block Ijyb's attack.
An orc comes into view. It is wielding a +0 dagger.
You closely miss Ijyb. You closely miss the hound skeleton.
The orc shouts!
You hit the iguana. The hound skeleton bites you.
Ijyb zaps a wand.
The puff of flame hits you!
* * * LOW HITPOINT WARNING * * *
The iguana bites you.
* * * LOW HITPOINT WARNING * * *
The hound skeleton bites you but does no damage.
Unknown command.
Unknown command.
Unknown command.
A scorpion comes into view.
The hound skeleton bites you but does no damage.
Ijyb zaps a wand.
The puff of flame hits you.
You die...

......... ###
......... #..##
.........#....##
..$$....#...>..#
......(........#
.........#....#
....#.lg......#
......†.@..#
......†Z...#
..........##
#..........#
#..o..#.....#
#.>...#?....#
..o.........#
.s(........##
....# ......


You could see Ijyb, a scorpion (wandering), an iguana, an orc priest, an orc and
a hound skeleton.

Vanquished Creatures
  A dart slug (D:1)
  An orc (D:2)
  4 endoplasms
  6 goblins
  3 hobgoblins
  2 kobolds (D:2)
  A quokka (D:1)
  3 ball pythons
  5 bats
  3 rats
29 creatures vanquished.

Notes
Turn   | Place    | Note
-------+----------+-------------------------------------------
     0 | D:1      | crimpus the Demigod Fighter began the quest for the Orb.
     0 | D:1      | Reached XP level 1. HP: 18/18 MP: 3/3
   293 | D:1      | Reached XP level 2. HP: 22/25 MP: 4/4
   678 | D:1      | Found Alog's Antique Armour Shoppe.
  1157 | D:2      | Reached XP level 3. HP: 31/31 MP: 5/5
  1400 | D:3      | You fall into a shaft and drop 1 floor!
  1400 | D:4      | Noticed Ijyb
  1408 | D:4      | HP: 1/31 [iguana (3)]
  1409 | D:4      | Noticed a scorpion
  1409 | D:4      | Killed from afar by Ijyb

Illustrated notes

Levels and vault maps discovered:
D:1:      lightli_arrival_noodles, layout_basic, serial_shops,
          nicolae_shop_behind_doors
D:2:      layout_basic, chequers_decorated_corner
D:3:      minmay_wonky_spiral, layout_basic,
          hellmonk_ecumenical_altar_watching_god, uniq_terence, uniq_robin
D:4:      layout_cave_pools, okawaru_metal_pillars_1_2,
          minmay_temple_entry_mist, serial_shops, nicolae_shop_waterfront,
          uniq_menkaure, uniq_ijyb

Skill      XL: |  1  2 |
---------------+-------+-----
Axes           | 2 |  2.3
Armour         | 3 |  3.1
Fighting       | 3 |  3.0
Shields        | |  2.9

Action                   || total
-------------------------++-------
Melee: War axe           ||    71
  Use: Potion            ||     1
Armor: Scale mail        ||    44
Dodge: Dodged            ||    31
Block: Buckler           ||    20
